 Dungeon Crawl Stone Soup version 0.22-a0-565-gfc6459a (webtiles) character file.

14 iamserjio the Charmwright (level 2, -2/25 HPs)
             Began as a Draconian Skald on June 28, 2018.
             Killed from afar by a dart slug (4 damage)
             ... with a slug dart
             ... on level 1 of the Dungeon.
             The game lasted 00:00:54 (115 turns).

iamserjio the Charmwright (Draconian Skald)          Turns: 115, Time: 00:00:55

Health: -2/25      AC:  4    Str: 13    XL:     2   Next: 31%
Magic:  0/5        EV: 12    Int: 13    God:
Gold:   28         SH:  0    Dex: 10    Spells: 4/5 levels left

rFire    . . .     SeeInvis .     - Unarmed
rCold    . . .     Gourm    .   (no shield)
rNeg     . . .     Faith    .   (armour unavailable)
rPois    .         Spirit   .   (helmet restricted)
rElec    .         Reflect  .   (no cloak)
rCorr    .         Harm     .   (no gloves)
MR       .....                  (no boots)
Stlth    +.........             (no amulet)
HPRegen  0.08/turn              (no ring)
MPRegen  0.09/turn              (no ring)

@: infused (expiring)
A: unfitting armour, cold-blooded, AC +4
a: no special abilities


You were on level 1 of the Dungeon.
You were not hungry.

You visited 1 branch of the dungeon, and saw 2 of its levels.

You collected 28 gold pieces.

Inventory:

Scrolls
 c - a scroll of immolation {unknown}
Potions
 a - a potion of mutation {unknown}
Comestibles
 b - a ration


   Skills:
 + Level 2.5 Fighting
 - Level 2.1 Dodging
 * Level 2.5 Unarmed Combat
 - Level 2.0 Spellcasting
 + Level 2.9 Charms


You had 4 spell levels left.
You knew the following spells:

 Your Spells              Type           Power        Failure   Level  Hunger
a - Infusion              Chrm           #...         8%          1    ##.....

Your spell library contained the following spells:

 Spells                   Type           Power        Failure   Level  Hunger
 Regeneration             Chrm/Necr      #.........   38%         3    ####...
 Shroud of Golubria       Chrm/Tloc      #.........   22%         2    ###....
 Song of Slaying          Chrm           #.......     12%         2    ###....
 Spectral Weapon          Hex/Chrm       #.......     38%         3    ####...


Dungeon Overview and Level Annotations

Branches:
Dungeon (2/15)

Altars:


Innate Abilities, Weirdness & Mutations

Your plain brown scales are hard. (AC +4)
You cannot fit into any form of body armour.
You are cold-blooded and may be slowed by cold attacks.


Message History

The dart slug is heavily wounded.
The dart slug bites you.
* * * LOW HITPOINT WARNING * * *
You hit the dart slug.
The dart slug is severely wounded.
You hit the dart slug.
The dart slug is almost dead.
Your magical infusion is running out.
The dart slug launches a dart at you. The slug dart hits you!
* * * LOW HITPOINT WARNING * * *
You hit the dart slug.
You kill the dart slug!
The dart slug launches a dart at you. The slug dart hits you!
* * * LOW HITPOINT WARNING * * *
You see here a dart slug corpse.
The dart slug launches a dart at you. The slug dart hits you!
You die...

..(....(......#
.###...((.(............#.
.# #...(.....##..........
.# #.........##.........#
.# #.........##.........#
## ####>#######..........
#†# #........# #)#
#####........## #..#
#...)†@w....... #.##
#.###.>........ .. #
#........#. #.#
########## .. ... ....


You could see a dart slug.

Vanquished Creatures
  A worm (D:2)
  A dart slug (D:1)
  A goblin (D:1)
  3 jackals (D:1)
  2 kobolds (D:1)
  A rat (D:1)
9 creatures vanquished.

Notes
Turn   | Place    | Note
-------+----------+-------------------------------------------
     0 | D:1      | iamserjio the Draconian Skald began the quest for the Orb.
     0 | D:1      | Reached XP level 1. HP: 17/17 MP: 3/3
    84 | D:2      | Reached XP level 2. HP: 16/25 MP: 0/5
   115 | D:1      | Killed from afar by a dart slug

Vault maps used:
D:1:      minmay_arrival_checkered_box
D:2:      cheibrodos_pilgrimage, lemuel_crystal_altar, cheibriados_altar_1,
          nemelex_altar_shiori, grunt_temple_overflow_cloverleaf,
          yredelemnul_altar_generic

Action                   || total
-------------------------++-------
Melee: Unarmed           ||    38
       Tailslap          ||     5
 Cast: Infusion          ||     3
Armor: Skin              ||     8
Dodge: Dodged            ||    24

Table legend:
 A = Spawn XP
 B = Non-spawn XP
 C = Spawn XP percentage of total XP
 D = Spawn monster count
 E = Non-spawn monster count
 F = Spawn count percentage of total count
 G = Total turns spent on level
                    A         B        C        D         E        F      G
               +---------+---------+-------+---------+---------+-------+---------
         Total |       0 |      21 |   0.0 |       0 |       9 |   0.0 |   115
               +---------+---------+-------+---------+---------+-------+---------
           D:1 |       0 |      16 |   0.0 |       0 |       8 |   0.0 |    93
           D:2 |       0 |       5 |   0.0 |       0 |       1 |   0.0 |    22
               +---------+---------+-------+---------+---------+-------+---------
